AoeStats
← TIMVP

Arena

509345110Analyzed
2v2 RM · 5d ago on Sep 26, 2026· 42m 13s· 4 players
Game mode
Random Map
Map size
Medium (4 player)
Population
200
Speed
Normal
Resources
Standard
Victory
Conquest
Starting age
Dark Age
Ending age
Imperial Age
RankedLock teamsTeams togetherTeam positionsShared explorationLock speedFull tech treeHidden civsTurbo modeCheats
Victory
Defeat
🇨🇳 Bulgarians · China
792
+15
🇩🇪 Danes · Germany
753
+17
🇵🇪 Danes · Peru
770
-16
🇵🇪 Aztecs · Peru
764
-16
maioo
5:55 Loom
14:31 Feudal Age
17:20 Horse Collar
17:28 Double-Bit Axe
18:08 Gold Mining
18:11 Stone Mining
22:10 Castle Age
25:20 Bow Saw
25:48 Gold Shaft Mining
25:49 Stone Shaft Mining
25:20 Heavy Plow
30:59 Imperial Age
28:59 Squires
28:47 Arson
33:51 Ballistics
33:48 Forging
33:39 Scale Mail Armor
35:22 Wheelbarrow
37:29 Conscription
38:17 Town Watch
38:51 Hamask
39:42 Elite Varangian Guard
41:03 Chain Mail Armor
40:43 Capped Ram
zeng2382024
0:28 Loom
11:13 Feudal Age
15:20 Castle Age
14:30 Double-Bit Axe
15:31 Scale Mail Armor
17:35 Forging
18:56 Horse Collar
31:51 Iron Casting
31:21 Scale Barding Armor
36:28 Scale Barding Armor
36:17 Fletching
36:27 Padded Archer Armor
37:44 Bow Saw
A†ilA
0:26 Loom
13:34 Feudal Age
20:33 Castle Age
TIMVP
4:22 Loom
12:58 Feudal Age
13:24 Double-Bit Axe
14:20 Wheelbarrow
19:21 Castle Age
18:17 Stone Mining
19:12 Gold Mining
27:40 Horse Collar
29:01 Bow Saw
29:53 Heavy Plow
37:37 Imperial Age
36:08 Hand Cart
36:20 Hand Cart
36:56 Gold Shaft Mining
36:24 Hamask
37:45 Scale Mail Armor
37:59 Forging
38:10 Northmen's Fury
39:32 Elite Jomsviking
41:09 Chain Mail Armor
Connection lost

Rejoining the realm…

Still unreachable

The connection could not be restored.

Session expired

The server has moved on; the page needs a fresh start.